 Dungeon Crawl Stone Soup version 0.21-a0-522-ga8338f0 (webtiles) character file.

1285 esteth the Poker (level 8, -6/71 HPs)
             Began as a Hill Orc Monk on Dec 6, 2017.
             Was a Believer of Beogh.
             Mangled by a gnoll
             ... wielding a +0 halberd
              (10 damage)
             ... on level 5 of the Dungeon.
             The game lasted 00:13:20 (6795 turns).

esteth the Poker (Hill Orc Monk)                    Turns: 6795, Time: 00:13:21

Health: -6/71      AC:  5    Str: 16    XL:     8   Next: 55%
Magic:  7/11       EV: 11    Int: 10    God:    Beogh [**....]
Gold:   296        SH:  0    Dex: 11    Spells: 7/7 levels left

rFire    . . .     SeeInvis +   a - +0 spear
rCold    . . .     Gourm    .   (no shield)
rNeg     . . .     Faith    .   q - +0 ring mail
rPois    +         Spirit   .   (no helmet)
rElec    .         Reflect  .   (no cloak)
rCorr    .         Harm     .   (no gloves)
MR       .....                  (no boots)
Stlth    +.........             n - amulet of rage
HPRegen  0.21/turn              h - ring of see invisible
MPRegen  0.12/turn              c - ring of poison resistance

@: berserk cooldown, slowed, very slow
A: clumsy 1, poison resistance, subdued magic 1
a: Smiting, Renounce Religion, Evoke Berserk Rage


You were on level 5 of the Dungeon.
You worshipped Beogh.
Beogh was pleased with you.
You were very hungry.

You visited 1 branch of the dungeon, and saw 5 of its levels.

You collected 296 gold pieces.

Inventory:

Hand Weapons
 a - a +0 spear (weapon)
Missiles
 m - 7 javelins of penetration (quivered)
Armour
 b - a +0 robe
 q - a +0 ring mail (worn)
Jewellery
 c - a ring of poison resistance (right hand)
 d - an uncursed ring of resist corrosion
 h - a ring of see invisible (left hand)
 n - an amulet of rage (around neck)
Wands
 g - a wand of iceblast (10)
 s - a wand of acid (6)
Scrolls
 e - 2 scrolls of remove curse {unknown}
 f - a scroll of fear {unknown}
 i - a scroll of immolation {unknown}
 j - 2 scrolls of blinking {unknown}
 k - 3 scrolls of enchant armour {unknown}
 o - 5 scrolls of identify {unknown}
 p - 2 scrolls of teleportation {unknown}
 r - a scroll of fog {unknown}
 u - a scroll of enchant weapon {unknown}
 v - a scroll of random uselessness {unknown}
Potions
 x - a potion of ambrosia {unknown}
Comestibles
 l - 2 meat rations


   Skills:
 - Level 6.4 Fighting
 + Level 7.5 Polearms
 - Level 3.2 Throwing
 - Level 3.0 Dodging
 - Level 2.5 Stealth
 + Level 4.0 Evocations


You had 7 spell levels left.
You didn't know any spells.

Dungeon Overview and Level Annotations

Branches:
Dungeon (5/15)
 Temple: D:4-7

Altars:
Kikubaaqudgha
Qazlal

Annotations:
D:5 2 transporters


Innate Abilities, Weirdness & Mutations

You are clumsy. (Dex -2)
Your system is resistant to poisons. (rPois)
Your spells are a little easier to cast, but a little less powerful.


Message History

The gnoll is severely wounded.
The orc hits you but does no damage. The gnoll barely misses you.
You hit the gnoll but do no damage.
The gnoll is severely wounded.
The orc closely misses you. The gnoll barely misses you.
The gnoll hits you with a club.
You hit the gnoll.
The gnoll is severely wounded.
The orc hits you with a club.
* * * LOW HITPOINT WARNING * * *
The gnoll hits you from afar with a halberd!
* * * LOW HITPOINT WARNING * * *
The gnoll hits you with a club.
* * * LOW HITPOINT WARNING * * *
It was a potion of mutation.
You feel extremely strange.
You feel clumsy.
Your connection to magic feels subdued.
You feel resistant to poisons. The orc hits you but does no damage.
The gnoll hits you but does no damage.
The gnoll hits you from afar with a halberd!
You die...

..##..#.###.#
..©.....#.# #.#
##...##..#.# #.# #8...
#..#.# #.#
##...##..#.# #.#
.....!...#.###.####
......ZWW#.........#
##########.###.###.#
...©..g.@go....###.###
##...####o)##.........
..... #..#..o..#.## #
#..##..o## #..###.##
.......o....#
#######o##### #'# ...


You could see a phantom, a wraith, 2 gnolls, 2 orcs and an adder zombie.

Vanquished Creatures
  Pikel (D:4)
  A slave (D:4)
  2 ogres (D:4)
  A scorpion (D:4)
  A howler monkey (D:4)
  A crimson imp (D:5)
  3 orc priests
  2 iguanas
  4 orc wizards (D:5)
  3 worker ants (D:5)
  A worker ant zombie (D:5)
  A howler monkey skeleton (D:4)
  A gnoll (D:5)
  5 adders
  2 shadow imps (D:5)
  2 oozes
  An adder skeleton (D:5)
  2 dart slugs
  7 leopard geckos
  13 orcs
  7 bats
  3 giant cockroaches
  7 goblins
  7 hobgoblins
  3 jackals (D:2)
  9 kobolds
  A quokka (D:3)
  A ball python skeleton (D:4)
  9 frilled lizards
  A giant cockroach zombie (D:5)
  7 rats
109 creatures vanquished.

Vanquished Creatures (others)
  A slave (D:4)
  An orc priest (D:4)
  An iguana (D:4)
  An orc wizard (D:4)
  A worker ant (D:4)
  2 orcs (D:4)
  A giant cockroach (D:4)
8 creatures vanquished.

Grand Total: 117 creatures vanquished

Notes
Turn   | Place    | Note
-------+----------+-------------------------------------------
     0 | D:1      | esteth the Hill Orc Monk began the quest for the Orb.
     0 | D:1      | Reached XP level 1. HP: 19/19 MP: 1/1
    26 | D:1      | You fall through a shaft!
    69 | D:2      | Reached XP level 2. HP: 16/27 MP: 2/2
   517 | D:1      | Reached XP level 3. HP: 33/33 MP: 3/3
  1218 | D:2      | Reached XP level 4. HP: 40/40 MP: 4/4
  1817 | D:3      | Reached skill level 4 in Polearms
  2892 | D:3      | Found a stormy altar of Qazlal.
  3086 | D:4      | Reached XP level 5. HP: 29/47 MP: 5/5
  3102 | D:4      | Reached skill level 1 in Throwing
  3104 | D:4      | HP: 3/70 [poisoned by a scorpion]
  3120 | D:4      | Reached skill level 5 in Fighting
  3396 | D:4      | Became a worshipper of Beogh the Brigand
  3396 | D:4      | Reached * piety under Beogh
  3396 | D:4      | Reached ** piety under Beogh
  3401 | D:4      | Noticed a slave
  3442 | D:4      | Killed a slave
  3818 | D:4      | Noticed Pikel
  3818 | D:4      | Noticed a slave
  3818 | D:4      | Noticed a slave
  3819 | D:4      | Noticed a slave
  3856 | D:4      | Killed Pikel
  3856 | D:4      | Reached skill level 5 in Polearms
  3856 | D:4      | Reached XP level 6. HP: 19/58 MP: 6/6
  3856 | D:4      | Reached XP level 7. HP: 21/64 MP: 7/7
  4336 | D:4      | Reached skill level 6 in Polearms
  4358 | D:4      | Reached skill level 1 in Evocations
  4891 | D:4      | Reached XP level 8. HP: 43/71 MP: 9/9
  5416 | D:5      | Entered Level 5 of the Dungeon
  5662 | D:5      | Reached skill level 7 in Polearms
  6706 | D:5      | Noticed a wraith
  6709 | D:5      | Found an ancient bone altar of Kikubaaqudgha.
  6710 | D:5      | Found a transporter.
  6712 | D:5      | Found a transporter.
  6795 | D:5      | Gained mutation: You are clumsy. (Dex -2) [potion of mutation]
  6795 | D:5      | Gained mutation: Your spells are a little easier to cast, but a little less powerful. [potion of mutation]
  6795 | D:5      | Gained mutation: Your system is resistant to poisons. (rPois) [potion of mutation]
  6795 | D:5      | Mangled by a gnoll

Vault maps used:
D:1:      evilmike_arrival_crescent
D:2:      nicolae_overflow_hidden_temple, first_bread
D:3:      lemuel_coloured_pillars_altar
D:4:      uniq_pikel
D:5:      gammafunk_temple_of_torment, doesnt_xom_only_xom

Skill      XL: |  1  2  3  4  5  6  7  8 |
---------------+-------------------------+-----
Stealth        | 2 |  2.5
Fighting       | 4 6 |  6.4
Polearms       | 4 5 6 7 |  7.5
Dodging        | 3 |  3.0
Throwing       | 3 |  3.2
Evocations     | 2 4 |  4.0

Action                   |  1- 3 |  4- 6 |  7- 9 || total
-------------------------+-------+-------+-------++-------
Melee: Spear             |   103 |   196 |   354 ||   653
Invok: Convert to Beogh  |       |     1 |       ||     1
       Smiting           |       |       |     3 ||     3
 Abil: Evoke Berserk Rag |       |     2 |     1 ||     3
  Use: Potion            |       |     3 |     3 ||     6
 Stab: Sleeping          |     9 |     2 |       ||    11
       Distracted        |       |       |     1 ||     1
  Eat: Chunk             |     1 |     7 |     4 ||    12
       Bread ration      |       |     1 |     1 ||     2
Armor: Robe              |     2 |       |       ||     2
       Ring mail         |     4 |    44 |    76 ||   124
       Skin              |       |     6 |       ||     6
Dodge: Dodged            |    49 |    70 |   161 ||   280

Table legend:
 A = Spawn XP
 B = Non-spawn XP
 C = Spawn XP percentage of total XP
 D = Spawn monster count
 E = Non-spawn monster count
 F = Spawn count percentage of total count
 G = Total turns spent on level
                    A         B        C        D         E        F      G
               +---------+---------+-------+---------+---------+-------+---------
         Total |       0 |    1836 |   0.0 |       0 |     108 |   0.0 |  6795
               +---------+---------+-------+---------+---------+-------+---------
           D:1 |       0 |      32 |   0.0 |       0 |      20 |   0.0 |   642
           D:2 |       0 |      64 |   0.0 |       0 |      23 |   0.0 |   962
           D:3 |       0 |      58 |   0.0 |       0 |      19 |   0.0 |  1474
           D:4 |       0 |    1154 |   0.0 |       0 |      17 |   0.0 |  2338
           D:5 |       0 |     528 |   0.0 |       0 |      29 |   0.0 |  1379
               +---------+---------+-------+---------+---------+-------+---------
